 Dungeon Crawl Stone Soup version 0.29.1-2-gbd0b4ee654 (webtiles) character file.

Game seed: 7389806448618742062

114 GorkyZ the Trooper (level 4, 0/35 HPs)
             Began as a Demonspawn Fighter on Nov 23, 2022.
             Killed by nerve-wracking pain
             ... invoked by Grinder
              (4 damage)
             ... while paralysed by Grinder
             ... on level 3 of the Dungeon.
             The game lasted 00:04:19 (2106 turns).

GorkyZ the Trooper (Demonspawn Fighter)             Turns: 2106, Time: 00:04:19

Health: 0/35       AC:  9    Str: 18    XL:     4   Next: 66%
Magic:  4/4        EV:  2    Int:  9    God:
Gold:   127        SH:  0    Dex: 13    Spells: 3/3 levels left

rFire   . . .      SeeInvis .   j - +1 hand axe (venom)
rCold   . . .      Faith    .   s - +0 kite shield
rNeg    + . .      Spirit   .   o - +0 chain mail
rPois   .          Reflect  .   (no helmet)
rElec   .          Harm     .   (no cloak)
rCorr   .          Rampage  .   (no gloves)
Will    .....                   (no boots)
Stlth   ..........              (no amulet)
HPRegen 0.11/turn               k - ring of positive energy
MPRegen 0.09/turn               (no ring)

@: paralysed
A: repulsion field 2
a: no special abilities


You were on level 3 of the Dungeon.
You visited 1 branch of the dungeon, and saw 3 of its levels.

You collected 127 gold pieces.

Inventory:

Hand Weapons
 a - a +0 war axe
 j - a +1 hand axe of venom (weapon)
Missiles
 p - 6 poisoned darts (quivered)
Armour
 b - a +0 scale mail
 c - a +0 buckler
 o - a +0 chain mail (worn)
 s - a +0 kite shield (worn)
Jewellery
 k - a ring of positive energy (left hand)
Scrolls
 e - a scroll of fear {unknown}
 f - a scroll of teleportation {unknown}
 g - 2 scrolls of butterflies {unknown}
 i - 2 scrolls of blinking {unknown}
 l - a scroll of torment {unknown}
 n - a scroll of identify {unknown}
 r - a scroll of immolation {unknown}
Potions
 d - 2 potions of might
 h - a potion of resistance {unknown}
 m - a potion of ambrosia {unknown}
 q - a potion of curing {unknown}


   Skills:
 + Level 3.4 Fighting
 + Level 2.3 Axes
 + Level 1.1 Throwing
 + Level 3.0 Armour
 + Level 1.3 Dodging
 + Level 3.0 Shields
 + Level 1.3 Evocations


You had 3 spell levels left.
You didn't know any spells.
Your spell library contained the following spells:

 Spells                   Type           Power      Damage    Failure   Level
 Sting                    Tmut/Pois      0%         1d3       100%        1
 Blink                    Tloc           0%         N/A       100%        2
 Ensorcelled Hibernation  Hex/Ice        0%         N/A       100%        2
 Passwall                 Tmut/Erth      0%         N/A       100%        2
 Poisonous Vapours        Pois/Air       0%         N/A       100%        2
 Swiftness                Air            0%         N/A       100%        3
 Olgreb's Toxic Radiance  Pois           0%         N/A       100%        4
 Manifold Assault         Tloc           0%         N/A       100%        5
 Storm Form               Tmut/Air       0%         N/A       100%        7


Dungeon Overview and Level Annotations

Branches:
Dungeon (3/15)

Altars:

Annotations:
D:3 2 transporters, Grinder


Innate Abilities, Weirdness & Mutations

You are surrounded by a moderate repulsion field. (EV +3)


Message History

You closely miss Grinder.
Grinder is heavily wounded.
Grinder blinks!
Grinder hits you but does no damage.
You hit Grinder.
Grinder is heavily wounded.
You block Grinder's attack.
You hit Grinder.
Grinder is heavily wounded.
Grinder barely misses you. Grinder misses you.
You hit Grinder.
Grinder is severely wounded.
Grinder barely misses you.
You hit Grinder.
Grinder is almost dead.
Grinder closely misses you.
You hit Grinder.
Grinder is almost dead.
Grinder barely misses you. Grinder hits you.
You writhe in agony.
* * * LOW HITPOINT WARNING * * *
You closely miss Grinder.
Grinder is almost dead.
Grinder blinks!
Grinder gestures at you. Pain shoots through your body!
* * * LOW HITPOINT WARNING * * *
You completely miss Grinder.
Grinder is almost dead.
Grinder hits you.
* * * LOW HITPOINT WARNING * * *
You closely miss Grinder.
Grinder is almost dead.
Grinder hits you but does no damage. You block Grinder's attack.
You hit Grinder.
Grinder is almost dead.
Grinder blinks!
Grinder gestures at you.
You suddenly lose the ability to move!
Grinder gestures at you. Pain shoots through your body!
You die...

#########..### ..# ##
.............##..##.......
####.....................
#.....##.......###.....##
#.###.##...............##
#.###.##..............>..
#.......5......<.........
#####.............#..#.##
####@##.#............
#.##.#.###.#..#>##
###.##.#.###.##.#.#
...................#
####.####.###.####.# ###
### ### ###


You could see Grinder.

Vanquished Creatures
  3 gnolls (D:2)
  2 adders
  A worm (D:2)
  7 endoplasms
  2 giant cockroaches
  8 goblins
  2 hobgoblins
  7 jackals
  9 kobolds
  3 quokkas
  4 ball pythons
  6 bats
  2 frilled lizards
  2 rats (D:1)
58 creatures vanquished.

Notes
Turn   | Place    | Note
-------+----------+-------------------------------------------
     0 | D:1      | GorkyZ the Demonspawn Fighter began the quest for the Orb.
     0 | D:1      | Reached XP level 1. HP: 18/18 MP: 1/1
   226 | D:1      | Gained mutation: You are surrounded by a mild repulsion
                  | field. (EV +2) [demonic ancestry]
   226 | D:1      | Reached XP level 2. HP: 24/24 MP: 2/2
   277 | D:1      | Found a faded altar of an unknown god.
   816 | D:2      | Reached skill level 1 in Dodging
   816 | D:2      | Reached skill level 1 in Evocations
   816 | D:2      | Reached XP level 3. HP: 28/29 MP: 3/3
   820 | D:2      | Reached skill level 1 in Throwing
   820 | D:2      | Gained mutation: You are surrounded by a moderate repulsion
                  | field. (EV +3) [demonic ancestry]
   820 | D:2      | Reached XP level 4. HP: 35/35 MP: 4/4
  1874 | D:3      | Found a transporter.
  1899 | D:3      | Found a transporter.
  2064 | D:3      | Noticed Grinder
  2080 | D:3      | Paralysed by Grinder for 2 turns
  2103 | D:3      | Paralysed by Grinder for 5 turns
  2106 | D:3      | Killed from afar by Grinder

Illustrated notes

Levels and vault maps discovered:
D:1:      saegor_arrival_simple_a, layout_basic,
          ebering_ecumenical_altar_sacrificial
D:2:      layout_loops_corners
D:3:      gammafunk_steamed_eel, layout_basic, serial_bayou_pond_d, uniq_grinder

Skill      XL: |  1  2  3  4 |
---------------+-------------+-----
Axes           | 2 |  2.3
Dodging        | 1 |  1.3
Evocations     | 1 |  1.3
Throwing       | 1 |  1.1
Armour         | 3 |  3.0
Shields        | 3 |  3.0
Fighting       | |  3.4

Action                   |  1- 3 |  4- 6 || total
-------------------------+-------+-------++-------
Melee: War axe           |    47 |       ||    47
       Hand axe          |    24 |    93 ||   117
Armor: Scale mail        |    27 |       ||    27
       Chain mail        |       |    33 ||    33
Dodge: Dodged            |    47 |    44 ||    91
Block: Buckler           |    19 |    13 ||    32
       Kite shield       |       |     8 ||     8
